 Dungeon Crawl Stone Soup version 0.22.0-38-g04b72b8 (webtiles) character file.

7702 Monsterracer the Nimble (level 11, -2/89 HPs)
             Began as a Gnoll Monk on Aug 27, 2018.
             Was a High Priest of Okawaru.
             Slain by a wight
             ... wielding a cursed +2 trident
              (6 damage)
             ... while paralysed by Erolcha
             ... on level 10 of the Dungeon on Aug 28, 2018.
             The game lasted 00:18:05 (11394 turns).

Monsterracer the Nimble (Gnoll Monk)               Turns: 11394, Time: 00:18:06

Health: -2/89      AC: 12    Str: 14    XL:     11   Next: 19%
Magic:  0/19       EV:  2    Int: 15    God:    Okawaru [*****.]
Gold:   483        SH:  0    Dex: 18    Spells: 21/21 levels left

rFire    . . .     SeeInvis .   a - +2 rapier (elec)
rCold    + . .     Gourm    .   (no shield)
rNeg     . . .     Faith    .   s - +3 ring mail {rC+}
rPois    .         Spirit   +   (no helmet)
rElec    .         Reflect  .   D - scarf {cloud immunity}
rCorr    .         Harm     .   d - +2 pair of gloves
MR       .....                  (no boots)
Stlth    +++.......             h - amulet of guardian spirit
HPRegen  0.24/turn              g - ring of stealth
MPRegen  0.16/turn              j - ring of attention

@: paralysed, heavily drained
A: distributed training, fangs 1, strong nose
a: Heroism, Finesse, Renounce Religion


You were on level 10 of the Dungeon.
You worshipped Okawaru.
Okawaru was extremely pleased with you.
You were hungry.

You visited 2 branches of the dungeon, and saw 11 of its levels.

You collected 685 gold pieces.
You spent 202 gold pieces at shops.

Inventory:

Hand Weapons
 a - a +2 rapier of electrocution (weapon)
 b - a +3 scimitar of flaming
Missiles
 p - a throwing net (quivered)
Armour
 d - a +2 pair of gloves (worn)
 l - the +0 leather armour of Defiance {rElec Dex+4}
   (You found it on level 7 of the Dungeon)

   It affects your dexterity (+4).
   It insulates you from electricity.
 s - a +3 ring mail of cold resistance (worn)
 D - a scarf of cloud immunity (worn)
Magical Staves
 n - an uncursed staff of air
Jewellery
 e - an uncursed ring of fire
 g - a ring of stealth (left hand)
 h - an amulet of guardian spirit (around neck)
 j - a ring of attention (right hand)
Scrolls
 f - 5 scrolls of teleportation {!r}
 m - a scroll of identify
 o - 2 scrolls of remove curse
 t - a scroll of fog
 u - a scroll of blinking
 v - 2 scrolls of magic mapping {!r}
 w - a scroll of fear {!r}
 x - 3 scrolls of enchant armour
 y - a scroll of amnesia
 z - a scroll of torment
Potions
 i - 6 potions of curing
 k - 3 potions of lignification
 q - a potion of brilliance
 r - 3 potions of haste
 A - a potion of mutation {!q}
 B - a potion of flight
 E - a potion of invisibility
Comestibles
 c - 12 rations


   Skills:
 + Level 9.0(6.8) Fighting
 + Level 5.9(3.9) Short Blades
 + Level 5.9(3.9) Long Blades
 + Level 5.9(3.9) Axes
 + Level 9.0(6.8) Maces & Flails
 + Level 5.9(3.9) Polearms
 + Level 5.9(3.9) Staves
 + Level 5.9(3.9) Slings
 + Level 5.9(3.9) Bows
 + Level 5.9(3.9) Crossbows
 + Level 5.9(3.9) Throwing
 + Level 5.9(3.9) Armour
 + Level 9.0(6.8) Dodging
 + Level 7.3(5.3) Stealth
 + Level 5.9(3.9) Shields
 + Level 5.9(3.9) Unarmed Combat
 + Level 5.9(3.9) Spellcasting
 + Level 4.9(3.0) Conjurations
 + Level 4.9(3.0) Hexes
 + Level 4.9(3.0) Charms
 + Level 4.9(3.0) Summonings
 + Level 4.9(3.0) Necromancy
 + Level 4.9(3.0) Translocations
 + Level 4.9(3.0) Transmutations
 + Level 4.9(3.0) Fire Magic
 + Level 4.9(3.0) Ice Magic
 + Level 4.9(3.0) Air Magic
 + Level 4.9(3.0) Earth Magic
 + Level 4.9(3.0) Poison Magic
 + Level 6.5(4.5) Invocations
 + Level 5.9(3.9) Evocations


You had 21 spell levels left.
You didn't know any spells.
Your spell library was empty.

Dungeon Overview and Level Annotations

Branches:
Dungeon (10/15)            Temple (1/1) D:6
   Lair: D:8-11         Orc: D:9-12

Altars:
Ashenzari
Cheibriados
Dithmenos
Elyvilon
Fedhas
Gozag
Hepliaklqana
Kikubaaqudgha
Makhleb
Nemelex Xobeh
Okawaru
Qazlal
Ru
Sif Muna
Trog
Uskayaw
Vehumet
Wu Jian
Xom
Yredelemnul
Zin
The Shining One

Shops:
D:7 ?

Annotations:
D:10 Erolcha


Innate Abilities, Weirdness & Mutations

Your experience applies equally to all skills.
You have very sharp teeth.
Your uncanny sense of smell can sniff out nearby items.


Message History

The floor.
You hit Erolcha. Lightning courses through Erolcha! You punch Erolcha.
Erolcha is heavily wounded.
Erolcha casts a spell.
Erolcha blinks!
Erolcha casts a spell at you. You resist with some effort.
The wight misses you. The wight closely misses you. Erolcha misses you.
You hit Erolcha but do no damage.
Erolcha is heavily wounded.
The wight barely misses you. The wight misses you. The wight barely misses you.
You hit Erolcha.
Erolcha is heavily wounded.
Erolcha zaps a wand.
You suddenly lose the ability to move!
The now-empty wand crumbles to dust.
The wight hits you but does no damage. The wight hits you but does no damage.
The wight hits you from afar with an enchanted trident.
Erolcha drinks a potion.
Erolcha is healed!
The wight hits you with an enchanted trident.
The wight hits you but does no damage.
The wight hits you from afar with an enchanted trident.
Erolcha hits you with a giant club! The wight hits you but does no damage.
The wight hits you but does no damage.
The wight hits you from afar with an enchanted trident.
You feel drained.
Erolcha screams, "Blood!"
Erolcha gestures at you while chanting.
You shrug off the repeated paralysis!
You can move again.
You take 18 damage, and have 67/89 hp.
MASSIVE DAMAGE!!
You now have 16/19 mp.
Unknown command.
Unknown command.
You hit Erolcha.
Erolcha is moderately wounded.
The wight closely misses you.
The wight hits you from afar with an enchanted trident!
The wight misses you.
You take 8 damage, and have 59/89 hp.
You now have 14/19 mp.
You are feeling hungry.
You puncture Erolcha! You punch Erolcha! Your bite misses Erolcha.
Erolcha is heavily wounded.
Erolcha misses you. The wight misses you.
You puncture Erolcha!
Erolcha is severely wounded.
The wight misses you.
The wight hits you from afar with an enchanted trident.
You feel drained.
You take 3 damage, and have 56/89 hp.
You now have 13/19 mp.
You closely miss Erolcha. You bite Erolcha.
Erolcha is severely wounded.
The wight completely misses you. Erolcha misses you.
The wight hits you but does no damage.
You barely miss Erolcha. Your bite misses Erolcha.
Erolcha is severely wounded.
The wight misses you.
You hit Erolcha but do no damage. Lightning courses through Erolcha!
You bite Erolcha, but do no damage.
Erolcha is almost dead.
The wight misses you.
Erolcha points at you and mumbles some strange words.
You suddenly lose the ability to move!
The wight hits you from afar with an enchanted trident.
You feel drained. The wight barely misses you.
You feel like a meek peon again. The wight hits you but does no damage.
Erolcha tries to grin evilly.
Erolcha hits you with a giant club. The wight hits you but does no damage.
The wight hits you from afar with an enchanted trident.
You feel drained. The wight hits you but does no damage.
Erolcha hits you but does no damage.
The wight hits you from afar with an enchanted trident!
* * * LOW HITPOINT WARNING * * *
The wight hits you but does no damage. x2
The wight hits you from afar with an enchanted trident!
* * * LOW HITPOINT WARNING * * *
The wight hits you from afar with an enchanted trident.
* * * LOW HITPOINT WARNING * * *
Erolcha hits you with a giant club.
* * * LOW HITPOINT WARNING * * *
The wight hits you with an enchanted trident.
* * * LOW HITPOINT WARNING * * *
You feel drained.
The wight hits you from afar with an enchanted trident.
* * * LOW HITPOINT WARNING * * *
The wight hits you from afar with an enchanted trident!
* * * LOW HITPOINT WARNING * * *
You feel drained.
* * * LOW HITPOINT WARNING * * *
Erolcha hits you with a giant club.
* * * LOW HITPOINT WARNING * * *
The wight hits you but does no damage.
The wight hits you from afar with an enchanted trident!
* * * LOW HITPOINT WARNING * * *
The wight hits you from afar with an enchanted trident.
* * * LOW HITPOINT WARNING * * *
You feel drained.
Erolcha mumbles some strange words.
Erolcha blinks!
The wight hits you with an enchanted trident.
You die...

##..$........#.......#
##...........##.......#
.............##.......#
.....z.......##.......#
.....###.......#.[....#
...# #...............# ..
##.............(.# .
#........ยง.......#
##.....zz@........#
#......z....>.....#
#.................#
#..........O......## ....
#..................##.....
#..................#......
#..................#......
##.......................
#.......................


You could see Erolcha and 3 wights.

Vanquished Creatures
  Erica (D:8)
  The ghost of Liatris the Carver, a novice DsGl of Okawaru (D:8)
  Pikel (D:8)
  Joseph (D:8)
  A troll (D:8)
  4 hippogriffs
  A wraith (D:10)
  2 hungry ghosts (D:7)
  Menkaure (D:7)
  A water moccasin (D:8)
  Duvessa (D:7)
  4 orc warriors
  4 slaves (D:8)
  A phantom (D:9)
  5 ice beasts
  2 ogres
  7 centaurs
  2 bullfrogs
  A big kobold (D:9)
  A wyvern zombie (D:10)
  A gnoll sergeant (D:9)
  Dowan (D:7)
  4 scorpions
  A water moccasin skeleton (D:9)
  4 wights (D:8)
  5 howler monkeys
  2 bullfrog zombies
  5 crimson imps
  2 hounds (D:9)
  2 centaur zombies
  5 orc priests
  10 orc wizards
  3 bullfrog skeletons
  2 iguanas
  7 worker ants
  2 worker ant zombies
  10 gnolls
  11 adders
  4 oozes
  A worm (D:2)
  3 dart slugs (D:4)
  2 leopard geckos
  39 orcs
  3 ball pythons
  7 giant cockroaches
  5 goblins
  3 hobgoblins
  7 jackals
  2 quokkas
  7 bats
  7 frilled lizards
  11 kobolds
  A leopard gecko zombie (D:6)
  12 rats
233 creatures vanquished.

Notes
Turn   | Place    | Note
-------+----------+-------------------------------------------
     0 | D:1      | Monsterracer the Gnoll Monk began the quest for the Orb.
     0 | D:1      | Reached XP level 1. HP: 23/23 MP: 1/1
   224 | D:1      | Reached XP level 2. HP: 28/29 MP: 2/2
   441 | D:1      | Reached XP level 3. HP: 35/35 MP: 3/3
   964 | D:2      | Reached skill level 1 in Invocations
  1216 | D:2      | Reached skill level 1 in Short Blades
  1216 | D:2      | Reached skill level 1 in Long Blades
  1216 | D:2      | Reached skill level 1 in Axes
  1216 | D:2      | Reached skill level 1 in Polearms
  1216 | D:2      | Reached skill level 1 in Staves
  1216 | D:2      | Reached skill level 1 in Slings
  1216 | D:2      | Reached skill level 1 in Bows
  1216 | D:2      | Reached skill level 1 in Crossbows
  1216 | D:2      | Reached skill level 1 in Throwing
  1216 | D:2      | Reached skill level 1 in Armour
  1216 | D:2      | Reached skill level 1 in Shields
  1216 | D:2      | Reached skill level 1 in Unarmed Combat
  1216 | D:2      | Reached skill level 1 in Spellcasting
  1216 | D:2      | Reached skill level 1 in Evocations
  1226 | D:2      | Reached XP level 4. HP: 36/41 MP: 3/5
  1334 | D:2      | Reached skill level 1 in Conjurations
  1334 | D:2      | Reached skill level 1 in Hexes
  1334 | D:2      | Reached skill level 1 in Charms
  1334 | D:2      | Reached skill level 1 in Summonings
  1334 | D:2      | Reached skill level 1 in Necromancy
  1334 | D:2      | Reached skill level 1 in Translocations
  1334 | D:2      | Reached skill level 1 in Transmutations
  1334 | D:2      | Reached skill level 1 in Fire Magic
  1334 | D:2      | Reached skill level 1 in Ice Magic
  1334 | D:2      | Reached skill level 1 in Air Magic
  1334 | D:2      | Reached skill level 1 in Earth Magic
  1334 | D:2      | Reached skill level 1 in Poison Magic
  1794 | D:3      | Reached XP level 5. HP: 42/47 MP: 4/6
  2229 | D:4      | HP: 22/47 [howler monkey (4)]
  2522 | D:4      | Reached XP level 6. HP: 53/53 MP: 6/8
  2549 | D:4      | HP: 26/53 [gnoll (6)]
  2556 | D:4      | HP: 25/53 [adder (2)]
  2574 | D:4      | HP: 21/53 [adder (1)]
  2601 | D:4      | HP: 23/53 [poisoned by an adder]
  2606 | D:4      | HP: 18/53 [poisoned by an adder]
  2611 | D:4      | HP: 13/53 [poisoned by an adder]
  3251 | D:4      | Found a white marble altar of Elyvilon.
  3453 | D:4      | HP: 25/53 [adder (4)]
  3459 | D:4      | HP: 20/53 [poisoned by an adder]
  3464 | D:4      | HP: 17/53 [poisoned by an adder]
  3471 | D:4      | HP: 11/53 [poisoned by an adder]
  3479 | D:4      | HP: 11/53 [poisoned by an adder]
  4231 | D:5      | Entered Level 5 of the Dungeon
  4236 | D:5      | Noticed an ice beast
  4246 | D:5      | Killed an ice beast
  4246 | D:5      | Reached XP level 7. HP: 56/59 MP: 8/10
  4278 | D:5      | Found an opulent altar of Gozag.
  4321 | D:5      | HP: 30/60 [worker ant (1)]
  4326 | D:5      | HP: 27/60 [poisoned by a worker ant]
  4331 | D:5      | HP: 23/60 [crimson imp (2)]
  4337 | D:5      | HP: 21/60 [crimson imp (1)]
  4342 | D:5      | HP: 16/60 [crimson imp (2)]
  4366 | D:5      | HP: 20/60 [orc/tomahawk (1)]
  4371 | D:5      | HP: 19/60 [crimson imp (2)]
  4387 | D:5      | HP: 21/60 [crimson imp (1)]
  4438 | D:5      | HP: 28/60 [orc priest/nerve-wracking pain (3)]
  4443 | D:5      | HP: 22/60 [orc priest/war axe (2)]
  4449 | D:5      | HP: 6/60 [orc priest/war axe (5)]
  4756 | D:5      | Reached skill level 5 in Stealth
  5039 | D:5      | Reached XP level 8. HP: 59/67 MP: 12/12
  5966 | D:6      | Found a bloodstained altar of Trog.
  6077 | D:6      | HP: 33/67 [orc warrior/hand axe of flaming (5)]
  6084 | D:6      | HP: 17/67 [orc warrior/hand axe of flaming (12)]
  6515 | D:6      | Found a staircase to the Ecumenical Temple.
  6526 | Temple   | Entered the Ecumenical Temple
  6562 | Temple   | Became a worshipper of Warmaster Okawaru
  6562 | Temple   | Reached * piety under Okawaru
  6562 | Temple   | Reached ** piety under Okawaru
  6827 | D:7      | Reached XP level 9. HP: 72/72 MP: 14/14
  6835 | D:7      | Noticed Duvessa
  6835 | D:7      | Noticed Dowan
  6859 | D:7      | Killed Duvessa
  6862 | D:7      | HP: 31/73 [Dowan/shard of ice (14)]
  6868 | D:7      | HP: 25/73 [Dowan/shard of ice (7)]
  6871 | D:7      | Killed Dowan
  7613 | D:7      | Noticed Menkaure
  7621 | D:7      | HP: 33/74 [??? (22)]
  7627 | D:7      | Killed Menkaure
  7628 | D:7      | HP: 23/74 [orc priest/nerve-wracking pain (3)]
  7878 | D:7      | Got a faintly humming leather armour
  7889 | D:7      | Identified the cursed +0 leather armour of Defiance {rElec Dex+4} (You found it on level 7 of the Dungeon)
  8036 | D:7      | Found Retiab's Magic Scroll Shoppe.
  8041 | D:7      | Bought a scroll of blinking for 82 gold pieces
  8041 | D:7      | Bought a scroll of magic mapping for 38 gold pieces
  8041 | D:7      | Bought a scroll of enchant armour for 82 gold pieces
  8555 | D:8      | Noticed Pikel
  8612 | D:8      | Killed Pikel
  8612 | D:8      | Reached *** piety under Okawaru
  8612 | D:8      | Reached skill level 5 in Invocations
  8677 | D:8      | HP: 36/74 [cloud of flame (8)]
  8883 | D:8      | Noticed Erica
  8895 | D:8      | Killed Erica
  8895 | D:8      | Reached **** piety under Okawaru
  8895 | D:8      | Reached XP level 10. HP: 80/80 MP: 17/17
  8917 | D:8      | Found a transporter.
  8943 | D:8      | Reached skill level 5 in Short Blades
  8943 | D:8      | Reached skill level 5 in Long Blades
  8943 | D:8      | Reached skill level 5 in Axes
  8943 | D:8      | Reached skill level 5 in Polearms
  8943 | D:8      | Reached skill level 5 in Staves
  8943 | D:8      | Reached skill level 5 in Slings
  8943 | D:8      | Reached skill level 5 in Bows
  8943 | D:8      | Reached skill level 5 in Crossbows
  8943 | D:8      | Reached skill level 5 in Throwing
  8943 | D:8      | Reached skill level 5 in Armour
  8943 | D:8      | Reached skill level 5 in Shields
  8943 | D:8      | Reached skill level 5 in Unarmed Combat
  8943 | D:8      | Reached skill level 5 in Spellcasting
  8943 | D:8      | Reached skill level 5 in Evocations
  9190 | D:8      | Noticed Liatris's ghost (novice DsGl)
  9213 | D:8      | Found a transporter.
  9734 | D:8      | Noticed Joseph
  9745 | D:8      | Killed Joseph
 10122 | D:8      | Killed Liatris's ghost
 10122 | D:8      | Reached ***** piety under Okawaru
 10521 | D:9      | Reached XP level 11. HP: 83/87 MP: 17/19
 10808 | D:9      | Found a sparkling altar of Nemelex Xobeh.
 10943 | D:9      | Found an ornate altar of the Wu Jian Council.
 11040 | D:9      | Received a gift from Okawaru
 11225 | D:10     | Entered Level 10 of the Dungeon
 11357 | D:10     | Noticed Erolcha
 11362 | D:10     | Paralysed by Erolcha for 3 turns
 11379 | D:10     | Paralysed by Erolcha for 3 turns
 11388 | D:10     | Paralysed by Erolcha for 6 turns
 11390 | D:10     | HP: 42/89 [wight/enchanted trident (7)]
 11393 | D:10     | HP: 19/89 [wight/enchanted trident (6)]
 11394 | D:10     | HP: 6/89 [wight/enchanted trident (7)]
 11394 | D:10     | Slain by a wight

Skill      XL: |  1  2  3  4  5  6  7  8  9 10 11 |
---------------+----------------------------------+-----
Invocations    | 1 2 3 4 5 6 |  6.5
Short Blades   | 1 2 3 4 5 |  5.9
Long Blades    | 1 2 3 4 5 |  5.9
Axes           | 1 2 3 4 5 |  5.9
Polearms       | 1 2 3 4 5 |  5.9
Staves         | 1 2 3 4 5 |  5.9
Slings         | 1 2 3 4 5 |  5.9
Bows           | 1 2 3 4 5 |  5.9
Crossbows      | 1 2 3 4 5 |  5.9
Throwing       | 1 2 3 4 5 |  5.9
Armour         | 1 2 3 4 5 |  5.9
Shields        | 1 2 3 4 5 |  5.9
Unarmed Combat | 1 2 3 4 5 |  5.9
Spellcasting   | 1 2 3 4 5 |  5.9
Evocations     | 1 2 3 4 5 |  5.9
Conjurations   | 1 2 3 4 |  4.9
Hexes          | 1 2 3 4 |  4.9
Charms         | 1 2 3 4 |  4.9
Summonings     | 1 2 3 4 |  4.9
Necromancy     | 1 2 3 4 |  4.9
Translocations | 1 2 3 4 |  4.9
Transmutations | 1 2 3 4 |  4.9
Fire Magic     | 1 2 3 4 |  4.9
Ice Magic      | 1 2 3 4 |  4.9
Air Magic      | 1 2 3 4 |  4.9
Earth Magic    | 1 2 3 4 |  4.9
Poison Magic   | 1 2 3 4 |  4.9
Fighting       | 7 8 9 |  9.0
Maces & Flails | 7 8 9 |  9.0
Dodging        | 7 8 9 |  9.0
Stealth        | 5 6 7 |  7.3

Action                   |  1- 3 |  4- 6 |  7- 9 | 10-12 || total
-------------------------+-------+-------+-------+-------++-------
Melee: Mace              |   115 |   145 |       |       ||   260
       Bite              |     9 |    23 |    61 |    30 ||   123
       Punch             |     1 |     3 |     7 |    11 ||    22
       Flail             |       |    80 |     1 |       ||    81
       Hand axe          |       |    13 |   301 |       ||   314
       Dagger            |       |       |    22 |       ||    22
       Rapier            |       |       |    94 |   214 ||   308
       Scimitar          |       |       |       |    21 ||    21
Invok: Heroism           |       |       |     2 |     3 ||     5
  Use: Potion            |       |     1 |     1 |       ||     2
       Scroll            |       |       |    16 |     5 ||    21
 Stab: Sleeping          |     7 |     7 |    11 |    11 ||    36
       Distracted        |       |       |     2 |     2 ||     4
  Eat: Chunk             |     1 |     9 |    19 |     8 ||    37
       Ration            |       |       |     1 |       ||     1
Armor: Ring mail         |    24 |    69 |   108 |    22 ||   223
       Leather armour    |       |       |    12 |    25 ||    37
Dodge: Dodged            |    97 |   195 |   267 |   211 ||   770
       Rpst.: Scimitar   |       |       |       |     6 ||     6

Vault maps used:
D:1:      dpeg_arrival_water_fire
D:3:      first_ration
D:4:      elyvilon_altar_3
D:5:      nicolae_gozag_cash_rules_everything_around_me
D:6:      old_standard_altar, minmay_temple_entry_poolview
D:7:      serial_shops, kennysheep_little_box, uniq_menkaure, uniq_duvessa
D:8:      gammafunk_ghost_arena, uniq_erica, uniq_pikel, uniq_joseph
D:9:      kennysheep_mini, lemuel_coloured_pillars_altar, grunt_pizzeria
D:10:     uniq_erolcha
Temple:   dpeg_five_rooms_temple
